 Dungeon Crawl Stone Soup version 0.30-a0-782-ge64f9170bb (webtiles) character file.

Game seed: 15744961265916750934

32 nuthulu the Trooper (level 3, -1/24 HPs)
             Began as a Gargoyle Fighter on Feb 19, 2023.
             Slain by Sigmund
             ... wielding a +0 scythe
              (8 damage)
             ... on level 2 of the Dungeon.
             The game lasted 00:01:17 (1213 turns).

nuthulu the Trooper (Gargoyle Fighter)              Turns: 1213, Time: 00:01:18

Health: -1/24      AC: 10    Str: 21    XL:     3   Next: 27%
Magic:  3/3        EV:  9    Int:  8    God:
Gold:   42         SH:  0    Dex:  9    Spells: 2/2 levels left

rFire   . . .      SeeInvis +    a - +0 flail
rCold   . . .      Faith    .    c - +0 buckler
rNeg    + . .      Spirit   .    b - +0 scale mail
rPois   ∞          Reflect  .    (helmet restricted)
rElec   +          Harm     .    (no cloak)
rCorr   .          Rampage  .    (no gloves)
Will    .....                    (no boots) Stlth
                                 (no amulet)
HPRegen 0.24/turn                (no ring)
MPRegen 0.08/turn                (no ring)

@: confused, mighty
A: sickness immunity, AC +3, negative energy resistance 1, electricity
resistance, torment resistance 1, petrification resistance, antennae 1, see
invisible
a: no special abilities


You were on level 2 of the Dungeon.
You visited 1 branch of the dungeon, and saw 2 of its levels.

You collected 42 gold pieces.

Inventory:

Hand Weapons
 a - a +0 flail (weapon)
Armour
 b - a +0 scale mail (worn)
 c - a +0 buckler (worn)
Potions
 f - a potion of flight {unknown}
 g - a potion of lignification {unknown}
 i - a potion of mutation


   Skills:
 + Level 4.0 Fighting
 + Level 2.9 Maces & Flails
 - Level 3.2 Armour
 - Level 3.2 Shields


You had 2 spell levels left.
You didn't know any spells.
Your spell library was empty.

Dungeon Overview and Level Annotations

Branches:
Dungeon (2/15)

Altars:

Annotations:
D:2 Sigmund


Innate Abilities, Weirdness & Mutations

You are immune to sickness and miasma.
Your stone body is resilient. (AC +3)
You are immune to poison.
You resist negative energy. (rN+)
You are resistant to electric shocks. (rElec)
You are resistant to unholy torment.
You are immune to petrification.
You have a pair of small antennae on your head.
You have supernaturally acute eyesight. (SInv)


Message History

You completely miss the bat. The bat hits you but does no damage.
You hit the bat.
You kill the bat!
You feel your willpower return.
No target in view!
You now have 42 gold pieces (gained 8).
A ball python comes into view.
A ball python is nearby!
Found a stone staircase leading down.
The ball python bites you but does no damage.
The ball python completely misses you.
The ball python bites you but does no damage.
The ball python grabs you. The ball python constricts you.
You hit the ball python.
You kill the ball python!
You start waiting.
Done waiting.
Sigmund the Dreaded comes into view.
He is wielding a +0 scythe.
Sigmund is nearby!
Sigmund is nearby!
Sigmund casts a spell at you. The magic dart hits you!
You start resting.
Sigmund is nearby!
You feel very mighty all of a sudden.
Sigmund mumbles some strange words.
Sigmund flickers and vanishes!
Deactivating autopickup; reactivate with Ctrl-A.
You barely miss something. Something hits you.
You closely miss something.
You hear some strange, mumbled words.
You are confused.
You bump into the rock wall.
Something hits you.
* * * LOW HITPOINT WARNING * * *
It was a potion of mutation.
You feel extremely strange.
Your vision sharpens.
Reactivating autopickup.
A pair of antennae grows on your head! Sigmund hits you with a +0 scythe!
You die...

###### #..# ...... #..#
## ##### .... .# #
#..##.# #####.....#
#### ...#.##..#
...###########.#..##!.#
##............###@....#
######.#####..#@####.#
####.# #.#.#####.#
#....# #..........
#.##.# #.#.#####.#.
#.##.#####.#.# @...
#.##.........# .. .#
#.#####.###.## #. .#
#.# #.# .# #.# #.# #.#


You could see Sigmund (invisible).

Vanquished Creatures
  A dart slug (D:1)
  5 ball pythons
  2 bats
  4 endoplasms (D:1)
  A giant cockroach (D:1)
  A hobgoblin (D:1)
  3 jackals (D:1)
  3 quokkas (D:1)
  A frilled lizard (D:1)
  3 goblins (D:1)
  2 rats (D:1)
26 creatures vanquished.

Notes
Turn   | Place    | Note
-------+----------+-------------------------------------------
     0 | D:1      | nuthulu the Gargoyle Fighter began the quest for the Orb.
     0 | D:1      | Reached XP level 1. HP: 14/14 MP: 1/1
   258 | D:1      | Reached XP level 2. HP: 19/19 MP: 2/2
   763 | D:1      | Reached XP level 3. HP: 24/24 MP: 3/3
   773 | D:1      | Reached skill level 4 in Fighting
  1199 | D:2      | Noticed Sigmund
  1213 | D:2      | Gained mutation: You have supernaturally acute eyesight.
                  | (SInv) [potion of mutation]
  1213 | D:2      | Gained mutation: You have a pair of small antennae on your
                  | head. [potion of mutation]
  1213 | D:2      | Slain by Sigmund

Illustrated notes

Levels and vault maps discovered:
D:1:      lemuel_arrival_room, layout_basic, chequers_serial_rivers_small_a
D:2:      layout_loops_ring, basic_altar, uniq_sigmund

Skill      XL: |  1  2  3 |
---------------+----------+-----
Fighting       | 4 |  4.0
Maces & Flails | |  2.9
Armour         | |  3.2
Shields        | |  3.2

Action                     || total
---------------------------++-------
  Melee: Flail             ||    73
    Use: Scroll            ||     2
         Potion            ||     2
 Armour: Scale mail        ||    29
  Dodge: Dodged            ||    40
  Block: Buckler           ||    13

Table legend: (Time is in decaauts)
 A = Elapsed time spent in this place.
 B = Non-inter-level travel time spent in this place.
 C = Inter-level travel time spent in this place.
 D = Time resting spent in this place.
 E = Time spent auto-exploring this place.
 F = Levels seen in this place.
 G = Mean time per level.
                   A        B        C        D        E       F      G
               +--------+--------+--------+--------+--------+-----+--------+
         Total |   1238 |   1199 |     39 |    102 |    888 |   2 |  619.0 |
       Dungeon |   1238 |   1199 |     39 |    102 |    888 |   2 |  619.0 |
               +--------+--------+--------+--------+--------+-----+--------+

Top non-repeatable levels by time:
     D:1: 1051 daAuts
     D:2: 186 daAuts
